 Dungeon Crawl Stone Soup version 0.20.0-10-g0535bb4 (webtiles) character file.

649728 Lavandula the Executioner (level 26, -4/264 HPs)
             Began as a Minotaur Berserker on June 4, 2017.
             Was the Champion of the Shining One.
             Killed from afar by a Brimstone Fiend (28 damage)
             ... with damnation
             ... on level 7 of Gehenna.
             The game lasted 03:08:05 (52604 turns).

Lavandula the Executioner (Minotaur Berserker)     Turns: 52604, Time: 03:08:06

Health: -4/264     AC: 34    Str: 33    XL:     26   Next: 72%
Magic:  28/28      EV: 27    Int:  6    God:    the Shining One [******]
Gold:   5837       SH:  9    Dex: 16    Spells: 12/43 levels left

rFire    + + +     SeeInvis .   E - +9 executioner's axe (holy)
rCold    . . .     Gourm    .   (shield currently unavailable)
rNeg     + + +     Faith    .   B - +1 chain mail of the Fifty Friends {rC+ Str+7}
rPois    +         Spirit   .   k - +2 hat
rElec    +         Reflect  .   X - +1 cloak {rF+}
rCorr    +         Harm     .   J - +2 pair of gloves of Gallantry {rCorr}
MR       ++...                  e - +1 pair of boots {Stlth+}
Stlth    +++.......             S - amulet of regeneration
Regen    1.0/turn               C - ring of Fedhas's Envy {Fire rN+ MR+ Stlth+}
MPRegen  0.3/turn               G - ring "Zakugeca" {rElec rF+ Slay+3 Stlth+}

@: divine shield, berserk cooldown, hasted and slowed, glowing
A: retaliatory headbutt, claws 1, horns 2, talons 1, iridescent scales 1, slimy
green scales 1, blurry vision 1, low mp 2, mutation resistance 1, poison
resistance, robust 1, shaggy fur 1
}: 5/15 runes: barnacled, slimy, silver, abyssal, gossamer
a: Divine Shield, Cleansing Flame, Summon Divine Warrior, Renounce Religion


You were on level 7 of Gehenna.
You worshipped the Shining One.
The Shining One was exalted by your worship.
You were not hungry.

You visited 12 branches of the dungeon, and saw 56 of its levels.
You visited the Abyss 3 times.
You visited 2 bazaars.
You also visited: Trove, Volcano and Desolation.

You collected 9960 gold pieces.
You spent 4123 gold pieces at shops.

Inventory:

Hand Weapons
 b - a +8 antimagic executioner's axe
 E - a +9 executioner's axe of holy wrath (weapon)
 W - a +2 broad axe of flaming
Missiles
 s - 12 throwing nets
 v - 23 javelins (quivered)
Armour
 e - a +1 pair of boots of stealth (worn)
 k - a +2 hat (worn)
 u - a scarf of spirit shield
 B - the +1 chain mail of the Fifty Friends (worn) {rC+ Str+7}
   (You bought it in a shop on level 15 of the Dungeon)

   It affects your strength (+7).
   It protects you from cold.
 J - the +2 pair of gloves of Gallantry (worn) {rCorr}
   (You acquired it on level 3 of the Shoals)

   It protects you from acid and corrosion.
 X - a +1 cloak of fire resistance (worn)
Jewellery
 t - an uncursed ring of protection from magic
 C - the ring of Fedhas's Envy (left hand) {Fire rN+ MR+ Stlth+}
   (You bought it in a shop on level 2 of the Orcish Mines)

   [ring of fire]

   It enhances your fire magic.
   It protects you from fire.
   It makes you vulnerable to cold.
   It protects you from negative energy.
   It affects your resistance to hostile enchantments.
   It makes you more stealthy.
 D - the cursed ring "Utiyveen" {rF+ rC+ Int-4 Stlth+}
   (You found it in the Desolation of Salt)

   [ring of intelligence]

   It affects your intelligence (-4).
   It protects you from fire.
   It protects you from cold.
   It makes you more stealthy.
   It has a curse placed upon it.
 G - the ring "Zakugeca" (right hand) {rElec rF+ Slay+3 Stlth+}
   (You found it on level 3 of the Vaults)

   [ring of stealth]

   It affects your accuracy and damage with ranged weapons and melee attacks
   (+3).
   It protects you from fire.
   It insulates you from electricity.
   It makes you more stealthy.
 R - the amulet "Liovomm" {+Rage rPois Dex+4 SInv}
   (You found it in the Desolation of Salt)

   [amulet of rage]

   It affects your dexterity (+4).
   It protects you from poison.
   It lets you see invisible.
   It lets you go berserk.
 S - an amulet of regeneration (around neck)
Wands
 p - a wand of paralysis (14/24)
 V - a wand of digging (24/24)
Scrolls
 d - 13 scrolls of identify
 f - 25 scrolls of remove curse
 g - 5 scrolls of immolation
 j - 9 scrolls of magic mapping
 n - 20 scrolls of teleportation
 o - 6 scrolls of blinking
 w - 3 scrolls of fear
 y - a scroll of silence
 K - 2 scrolls of fog
 U - 2 scrolls of holy word
Potions
 a - a potion of cancellation
 h - 15 potions of curing
 i - 9 potions of agility
 l - 4 potions of haste
 m - 13 potions of might
 q - 4 potions of berserk rage
 r - 6 potions of heal wounds
 x - a potion of flight
 M - 6 potions of resistance
 O - 7 potions of ambrosia
 Q - 6 potions of brilliance
 Z - a potion of magic
Miscellaneous
 z - a lamp of fire
 A - a lightning rod (4/4)
 F - 5 phantom mirrors
 P - 4 sacks of spiders
 T - 2 boxes of beasts
Comestibles
 c - 15 bread rations


   Skills:
 - Level 20.5 Fighting
 - Level 26.0 Axes
 - Level 23.8 Armour
 - Level 24.7 Dodging
 - Level 14.8 Stealth
 - Level 9.2 Spellcasting
 - Level 4.4 Summonings
 - Level 4.5 Translocations
 + Level 8.9 Invocations
 - Level 9.7 Evocations


You had 12 spell levels left.
You knew the following spells:

 Your Spells              Type           Power        Failure   Level  Hunger
a - Blink                 Tloc           N/A          10%         2    ##.....
b - Summon Butterflies    Summ           #.......     6%          1    None
c - Song of Slaying       Chrm           #.......     54%         2    ##.....
d - Shroud of Golubria    Chrm/Tloc      #.........   24%         2    ##.....
e - Aura of Abjuration    Summ           #.........   87%         5    ######.
f - Deflect Missiles      Chrm/Air       #.........   100%        6    #######
g - Summon Lightning Spi  Summ/Air       #.......     85%         4    ####...
h - Spectral Weapon       Hex/Chrm       #.......     77%         3    ###....
i - Swiftness             Chrm/Air       #.......     54%         2    ##.....
j - Airstrike             Air            #.........   99%         4    ####...


Dungeon Overview and Level Annotations

Branches:
Dungeon (15/15)            Temple (1/1) D:5            Lair (6/6) D:10
 Shoals (4/4) Lair:3       Spider (4/4) Lair:4        Slime (5/5) Lair:5
    Orc (2/2) D:10            Elf (3/3) Orc:2        Vaults (5/5) D:14
  Crypt (3/3) Vaults:2       Tomb (0/3) Crypt:3      Depths (0/5) D:15
   Hell (1/1)                 Geh (7/7) Hell            Coc (0/7) Hell
    Dis: Hell:1         Tar: Hell:1

Altars:
Cheibriados
Dithmenos
Fedhas
Gozag
Hepliaklqana
Kikubaaqudgha
Makhleb
Nemelex Xobeh
Okawaru
Ru
Sif Muna
Trog
Uskayaw
Xom
Yredelemnul
Zin
The Shining One
Jiyva
Lugonu

Shops:
D:5 *   D:9 *   D:13 }   D:14 ?*(*   D:15 [   Orc:2 **[=(   Elf:1 !
Vaults:1 [

Portals:
Hell: Lair:6

Annotations:
D:4 exclusion: door
D:14 banishing wizard!
D:15 exclusion: downstairs
Lair:4 exclusion: oklob plant


Innate Abilities, Weirdness & Mutations

You reflexively headbutt those who attack you in melee.
You have a pair of horns on your head.
You have sharp fingernails.
You have sharp toenails.
You are partially covered in iridescent scales. (AC +2)
You are partially covered in slimy green scales. (AC +2)
Scrolls take you a little longer to read.
Your magical capacity is very low. (-20% MP)
You are somewhat resistant to further mutation.
Your system is resistant to poisons. (rPois)
You are robust. (+10% HP)
You are covered in fur. (AC +1)


Message History

The sphere of damnation explodes!
The damnation engulfs you!
You hear a roar!
You are no longer berserk.
You are exhausted.
You feel yourself slow down.
The Brimstone Fiend calls on the powers of darkness!
Your body is wracked with pain!
* * * LOW HITPOINT WARNING * * *
A hellion comes into view.
Really read with blurry vision while enemies are nearby?
The hellion gestures at you.
The sphere of damnation explodes!
The damnation engulfs you!
* * * LOW HITPOINT WARNING * * *
You begin reading the scroll.
You continue reading the scroll.
The Brimstone Fiend gestures at you.
The sphere of damnation explodes!
The damnation engulfs you!
* * * LOW HITPOINT WARNING * * *
The Brimstone Fiend gestures at you.
The sphere of damnation explodes!
The damnation engulfs you!
You die...

§.§§).....#,**,,,,*,,*,,,,,*,,*,,
.≈§≈.....##+**....#,,*,,,,,*,,*,,
≈≈≈≈§§..##,,,*#...#,,++,,,**,,*,,
≈≈§§§§..#,,,,,#1..##,,+****,,**,,
§≈≈≈≈≈..#,,,,,#.3..#,,,,,,,,,*,,,
≈§§§≈§≈.#,,,,,#....###,,,,,***,,,
§§§§§§≈.##,,,##......###****,,,,,
≈§§≈§≈§..#####..........,,,,,,,,,
§§§≈≈§≈......)'.@.1.....,,,,,,,,,
≈≈§§≈≈≈.....).)'........,,,,,,,**
≈≈≈≈≈≈§§)......'Z.#####.,,,*****,
≈≈≈§§≈§§≈.......'##,,,******,,,,,
≈§§§§≈§≈§........#,,,,,**,,,,****
≈§≈≈§≈§§§........#,,,,,+,,****,,,
§§§≈≈≈§§§≈......2#,,,,,****,,,,,,
§§≈≈≈§≈≈≈≈≈.§....#*,,,**,,,,,,,,,
§≈§≈≈§§§≈§§§§§..,,*****,,,,,,,,,,


You could see 2 Brimstone Fiends, a sun demon, a hellion and a golden dragon
skeleton.

Vanquished Creatures
  the Royal Jelly (Slime:5)
  the Serpent of Hell (Geh:7)
  Mara (Spider:3)
  A juggernaut (Abyss:4)
  Mennas (Crypt:2)
  3 ancient liches
  Sojobo (Crypt:3)
  Bai Suzhen (Vaults:2)
  Saint Roka (Elf:2)
  Geryon (Hell)
  3 golden dragons (Vaults:5)
  5 bone dragons
  Nikola (Spider:4)
  5 tentacled monstrosities
  Rupert (Lair:4)
  6 liches
  6 titans (Vaults:5)
  3 deep elf blademasters
  A kraken (Shoals:4)
  19 acid blobs
  A deep elf master archer (Elf:3)
  3 sphinxes
  12 tentacled starspawn
  An Executioner (Abyss:2)
  3 ancient champions
  An eldritch tentacle (Geh:5)
  Donald (Spider:1)
  5 storm dragons
  4 shadow dragons (Vaults:5)
  12 azure jellies
  5 fire giants
  9 tengu reavers
  Ilsuiw (Shoals:4)
  2 revenants
  The ghost of marsu the Executioner, a journeyman MiBe of Trog (Orc:1)
  Aizul (Elf:2)
  3 balrugs
  18 vault wardens
  An orc warlord (Orc:2)
  6 emperor scorpions
  5 frost giants
  7 deep elf sorcerers
  A draconian knight (Abyss:3)
  3 ghost moths
  3 imperial myrmidons (Desolation)
  4 curse skulls
  8 deep elf elementalists
  9 ghouls
  20 stone giants
  A draconian stormcaller (Abyss:3)
  An angel (Abyss:4)
  7 war gargoyles
  3 reapers (Geh:2)
  21 ironheart preservers
  2 entropy weavers
  11 very ugly things
  2 ophanim (Abyss:4)
  A lorocyproca (Abyss:2)
  4 deep elf demonologists
  4 vampire knights
  11 deep elf annihilators
  3 halazid warlocks (Desolation)
  A dire elephant (Lair:6)
  A red draconian (Abyss:3)
  3 spark wasps
  3 blizzard demons (Hell)
  2 eidola
  6 ettins
  10 deep elf death magi
  3 merfolk javelineers (Shoals:4)
  3 green deaths
  7 merfolk impalers
  2 fire dragons
  3 crystal guardians
  5 jiangshi
  6 death oozes
  3 rakshasas
  7 ragged hierophants (Desolation)
  7 great orbs of eyes
  Josephine (D:15)
  Fannar (Lair:2)
  11 deep elf high priests
  4 servants of whispers (Desolation)
  35 vault guards
  8 hydras
  13 yaktaur captains
  15 ogre magi
  12 peacekeepers (Desolation)
  Erolcha (Orc:1)
  4 merfolk avatars
  8 centaur warriors
  8 merfolk aquamancers
  3 satyrs
  3 death knights
  39 two-headed ogres
  10 death yaks
  A deep troll earth mage (Vaults:5)
  27 dancing weapons
  4 hell hogs
  2 tengu warriors (D:15)
  3 orc high priests
  2 titan zombies
  5 vampire magi
  13 thrashing horrors
  15 hell knights
  5 soul eaters (Hell)
  21 deep elf knights
  4 sun demons
  3 iron trolls
  2 shadow wraiths (Crypt:3)
  3 spatial maelstroms
  A golden dragon zombie (Crypt:3)
  5 wretched stars
  29 skeletal warriors
  A fire crab (shapeshifter) (Vaults:3)
  2 cherubim (Abyss:4)
  7 flayed ghosts
  An unseen horror (D:15)
  An anaconda zombie (Crypt:1)
  14 deep trolls
  4 wizards
  An unseen horror (shapeshifter) (Vaults:5)
  4 glowing orange brains
  11 sea snakes
  14 orc knights
  A glowing orange brain (shapeshifter) (Vaults:5)
  7 phantasmal warriors
  A golden dragon skeleton (Crypt:3)
  29 deep elf archers
  20 harpies
  18 ironbrand convokers
  An orb spider (shapeshifter) (Vaults:5)
  2 iron dragon zombies
  26 wolf spiders
  A tengu zombie (Vaults:5)
  2 wolf spider zombies
  9 necromancers
  40 ugly things
  8 orb spiders
  3 stone giant zombies
  75 deep elf magi
  4 shining eyes
  A harpy (shapeshifter) (Vaults:4)
  2 fire giant zombies
  4 shadow dragon skeletons
  4 orc sorcerers
  3 salamanders (Volcano)
  A shadow dragon zombie (Geh:2)
  8 manticores
  7 fauns
  An oklob plant (Lair:2)
  54 slime creatures
  27 cyclopes
  7 fire giant skeletons
  A worldbinder (Abyss:2)
  An iron dragon skeleton (Crypt:2)
  Joseph (D:15)
  2 frost giant zombies (Geh:7)
  A water nymph (shapeshifter) (Vaults:1)
  10 smoke demons
  3 centaur zombies
  2 eyes of devastation
  3 frost giant skeletons
  2 guardian serpents (shapeshifter)
  14 vault sentinels
  2 dire elephant zombies
  2 torpor snails (Spider:1)
  8 water nymphs
  5 molten gargoyles
  11 merfolk sirens
  9 elephants (Lair:6)
  An eye of devastation (shapeshifter) (Elf:2)
  4 guardian serpents (Desolation)
  3 black mambas
  An orange demon (Hell)
  A rust devil (Abyss:3)
  5 gargoyles
  A dire elephant skeleton (Crypt:3)
  11 spiny frogs
  2 spriggan zombies
  A storm dragon simulacrum (Crypt:1)
  2 rime drakes (Lair:6)
  2 rime drakes (shapeshifter)
  5 hellions
  5 kobold demonologists
  4 efreet
  A komodo dragon (shapeshifter) (D:14)
  34 yaktaurs
  An anaconda simulacrum (Hell)
  14 freezing wraiths
  3 tormentors
  8 komodo dragons
  5 hellwings
  9 demonic crawlers
  A green draconian skeleton (Crypt:3)
  7 trolls
  4 ice devils
  A queen bee (D:8)
  A catoblepas skeleton (Crypt:1)
  A guardian mummy (D:15)
  9 red devils
  6 ancient zymes
  The ghost of Hyrikan the Shield-Bearer, an amateur DDFi of Elyvilon (D:4)
  2 hydra zombies (Hell)
  24 merfolk
  3 polar bears
  A wolf spider simulacrum (D:15)
  14 hornets
  A tyrant leech (shapeshifter) (Vaults:5)
  A wind drake (shapeshifter) (Vaults:1)
  A tarantella zombie (Crypt:1)
  4 wind drakes
  27 jumping spiders
  70 saltlings (Desolation)
  11 raiju
  15 blink frogs
  Grinder (D:3)
  5 snapping turtles
  A minotaur skeleton (Geh:2)
  A fire dragon zombie (Crypt:3)
  2 ice dragon zombies
  8 dream sheep
  A fire giant simulacrum (Crypt:1)
  2 ettin zombies
  4 hydra skeletons
  23 large abominations
  13 hippogriffs
  3 bog bodies
  Sigmund (D:6)
  35 tarantellas
  10 fire dragon skeletons (Crypt:3)
  10 flying skulls
  8 shadows
  An ice dragon skeleton (Geh:7)
  65 redbacks
  Eustachio (D:6)
  15 starcursed masses
  5 vampires (Crypt:3)
  2 ettin skeletons
  18 fire elementals
  24 wraiths
  9 wyverns
  13 water elementals
  28 yaks
  A black mamba skeleton (Crypt:2)
  An emperor scorpion simulacrum (Abyss:2)
  A steam dragon (Volcano)
  3 ynoxinuls
  6 fire bats (Volcano)
  A chaos spawn (Abyss:3)
  7 golden eyes
  2 basilisks
  19 humans
  2 hungry ghosts
  4 neqoxecs
  6 wargs
  Menkaure (D:6)
  Edmund (D:4)
  2 acid dragons (Vaults:2)
  16 water moccasins
  2 spatial vortices (Abyss:4)
  A deep troll zombie (Crypt:1)
  A water nymph skeleton (Crypt:2)
  A soldier ant (D:14)
  A faun zombie (Crypt:1)
  10 hell hounds
  A hydra simulacrum (Hell)
  2 spiny frog zombies
  A gelid demonspawn skeleton (Crypt:1)
  5 porcupines
  34 orc warriors
  8 black bears
  A hornet zombie (D:10)
  A spiny frog skeleton (Geh:3)
  A swamp dragon zombie (Crypt:3)
  14 ice beasts
  8 sky beasts
  9 eyes of draining
  8 necrophages
  7 phantoms
  41 ogres
  3 snapping turtle zombies
  17 wolves
  15 centaurs
  A hog zombie (Crypt:2)
  A centaur (shapeshifter) (Vaults:3)
  2 manticore skeletons
  19 small abominations
  11 crocodiles
  A crocodile (shapeshifter) (Vaults:3)
  A big kobold (D:11)
  13 bullfrogs
  An elf skeleton (Crypt:2)
  2 earth elementals (Elf:2)
  A spiny frog simulacrum (Crypt:1)
  A hippogriff skeleton (Crypt:2)
  2 scorpions (D:11)
  An orc simulacrum (Vaults:1)
  28 killer bees
  2 howler monkeys
  19 wights
  3 vampire bats (Lair:3)
  13 crimson imps
  A lava snake (Lair:5)
  A quasit (Abyss:2)
  A human zombie (Abyss:2)
  6 hounds
  An iron imp (Abyss:4)
  3 jellies
  16 orc priests
  4 centaur skeletons
  A hound (shapeshifter) (Vaults:4)
  A bullfrog skeleton (D:7)
  3 iguanas
  6 worker ants
  35 orc wizards
  A spriggan simulacrum (Crypt:1)
  A big kobold zombie (Crypt:1)
  2 ogre zombies
  A felid skeleton (Crypt:2)
  2 hound zombies
  An ogre skeleton (Geh:7)
  A hound skeleton (D:11)
  7 gnolls
  A howler monkey skeleton (D:6)
  A howler monkey zombie (D:11)
  A worker ant zombie (D:6)
  A swamp drake zombie (Crypt:1)
  18 adders
  A steam dragon skeleton (Crypt:1)
  5 shadow imps
  A white imp (Abyss:2)
  2 ufetubi (Abyss:2)
  2 oozes
  An adder skeleton (D:2)
  5 dart slugs
  5 leopard geckos
  117 orcs
  8 giant cockroaches
  A goblin (shapeshifter) (Vaults:4)
  10 goblins
  3 hobgoblins
  8 jackals
  4 quokkas
  A ball python skeleton (D:4)
  18 bats
  6 frilled lizards
  A giant cockroach zombie (D:2)
  A goblin zombie (Crypt:1)
  12 kobolds
  3 leopard gecko skeletons
  An orc skeleton (Abyss:2)
  5 rats
  5 crawling corpses
  8 fungi
  15 plants
  16 starspawn tentacles
  2 tentacles (Shoals:4)
  4 withered plants (Crypt:3)
2591 creatures vanquished.

Vanquished Creatures (collateral kills)
  4 acid blobs
  A deep elf sorcerer (Elf:3)
  A frost giant (Shoals:1)
  A vault warden (Vaults:4)
  A ghost moth (Spider:4)
  A stone giant (Vaults:5)
  A deep elf demonologist (Elf:3)
  Nessos (Lair:4)
  A deep elf annihilator (Elf:3)
  A deep elf death mage (Elf:2)
  5 merfolk impalers (Shoals:4)
  Harold (Lair:4)
  2 merfolk avatars
  An alligator snapping turtle (Shoals:4)
  2 dancing weapons (Elf:2)
  2 orc high priests (Orc:2)
  Urug (Lair:4)
  A deep elf knight (Elf:2)
  2 orc knights (Orc:2)
  2 harpies (Shoals:4)
  2 ironbrand convokers (Vaults:4)
  3 orb spiders (Spider:4)
  A cyclops (Shoals:1)
  2 orc sorcerers (Orc:2)
  A wolf spider (Spider:4)
  2 deep elf magi (Elf:2)
  3 manticores
  4 shining eyes
  2 water nymphs (Shoals:4)
  2 merfolk sirens (Shoals:1)
  A freezing wraith (Vaults:4)
  A komodo dragon (Lair:4)
  3 yaktaurs
  A jumping spider (Spider:4)
  5 merfolk
  2 wind drakes
  8 slime creatures
  3 blink frogs (Lair:4)
  3 snapping turtles
  3 redbacks (Spider:4)
  2 water elementals (Shoals:4)
  3 neqoxecs (Abyss:3)
  10 orc warriors (Orc:2)
  An eye of draining (Slime:5)
  3 ogres (Vaults:4)
  8 orc wizards (Orc:2)
  4 orc priests (Orc:2)
  9 orcs (Orc:2)
124 creatures vanquished.

Vanquished Creatures (others)
  Asterion (Elf:2)
  A ghost moth (Spider:4)
  An orc knight (Vaults:2)
  A wolf spider (Spider:4)
  A deep elf mage (Elf:2)
  A hornet (Spider:4)
  A dream sheep (Shoals:4)
  A tarantella (Spider:4)
  A large abomination (Abyss:4)
  A small abomination (Abyss:4)
  A wyvern (Volcano)
  An orc warrior (Vaults:2)
  An ogre (Vaults:1)
  An orc wizard (Vaults:2)
  A demonic plant (D:10)
  16 fungi
  A lurking horror (Abyss:2)
  59 plants
  18 starspawn tentacles
  18 tentacles (Shoals:4)
  13 withered plants (Crypt:3)
140 creatures vanquished.

Grand Total: 2855 creatures vanquished

Notes
Turn   | Place    | Note
-------+----------+-------------------------------------------
     0 | D:1      | Lavandula the Minotaur Berserker began the quest for the Orb.
     0 | D:1      | Reached XP level 1. HP: 19/19 MP: 0/0
   235 | D:1      | Reached skill level 4 in Axes
   369 | D:1      | Reached XP level 2. HP: 25/27 MP: 1/1
   643 | D:1      | Found a sparkling altar of Nemelex Xobeh.
   670 | D:1      | Reached ** piety under Trog
   670 | D:1      | Reached XP level 3. HP: 29/33 MP: 2/2
   962 | D:2      | Reached skill level 5 in Axes
  1451 | D:3      | Reached XP level 4. HP: 40/40 MP: 3/3
  1457 | D:3      | Found an iron altar of Okawaru.
  1508 | D:3      | Noticed Grinder
  1515 | D:3      | Paralysed by Grinder for 3 turns
  1521 | D:3      | Killed Grinder
  1521 | D:3      | Reached skill level 7 in Axes
  1521 | D:3      | Reached XP level 5. HP: 46/47 MP: 4/4
  1521 | D:3      | Reached XP level 6. HP: 53/53 MP: 5/5
  1608 | D:3      | Found a sparkling altar of Nemelex Xobeh.
  1610 | D:3      | Found a glowing silver altar of Zin.
  1614 | D:3      | Found a shimmering altar of Xom.
  1615 | D:3      | Found a basalt altar of Yredelemnul.
  1615 | D:3      | Found a bloodstained altar of Trog.
  1616 | D:3      | Found a hide-covered altar of Uskayaw.
  1618 | D:3      | Found a shadowy altar of Dithmenos.
  1619 | D:3      | Found an ancient bone altar of Kikubaaqudgha.
  1950 | D:3      | Reached *** piety under Trog
  2161 | D:3      | Found a blossoming altar of Fedhas.
  2308 | D:4      | Reached skill level 8 in Axes
  2490 | D:4      | Reached XP level 7. HP: 55/60 MP: 6/6
  2684 | D:4      | Noticed Edmund
  2692 | D:4      | Killed Edmund
  2692 | D:4      | Reached skill level 5 in Fighting
  2899 | D:4      | Found a deep blue altar of Sif Muna.
  2962 | D:4      | Noticed Hyrikan's ghost (amateur DDFi)
  3129 | D:4      | Killed Hyrikan's ghost
  3129 | D:4      | Reached skill level 9 in Axes
  3303 | D:5      | Entered Level 5 of the Dungeon
  3305 | D:5      | Reached XP level 8. HP: 65/68 MP: 7/7
  3342 | D:5      | Found a staircase to the Ecumenical Temple.
  3409 | D:5      | Reached skill level 5 in Armour
  3453 | D:5      | Reached skill level 10 in Axes
  3466 | D:5      | Found an opulent altar of Gozag.
  3646 | D:5      | Found Efim's General Store.
  3676 | D:5      | Bought a scroll of teleportation for 42 gold pieces
  3676 | D:5      | Bought a potion of might for 56 gold pieces
  3794 | D:6      | Reached **** piety under Trog
  3824 | D:6      | Noticed Menkaure
  3846 | D:6      | Killed Menkaure
  3933 | D:6      | Noticed Sigmund
  3965 | D:6      | Killed Sigmund
  3965 | D:6      | Reached skill level 11 in Axes
  4213 | D:6      | Reached XP level 9. HP: 67/77 MP: 8/8
  4236 | D:6      | Noticed Eustachio
  4249 | D:6      | Killed Eustachio
  4398 | D:6      | Got an encrusted scale mail
  4405 | D:6      | Reached skill level 1 in Evocations
  4422 | D:6      | Gained mutation: Your magical capacity is low. (-10% MP) [mutagenic meat]
  4423 | D:6      | Gained mutation: You expend magic power (3 MP) to strengthen your wands. [mutagenic meat]
  4424 | D:6      | Gained mutation: You are robust. (+10% HP) [mutagenic meat]
  4425 | D:6      | Gained mutation: You occasionally shout uncontrollably at your foes. [mutagenic meat]
  4426 | D:6      | Gained mutation: You have a pair of large horns on your head. [mutagenic meat]
  4437 | D:6      | Identified the +4 scale mail of Kentuar {-Tele +Fly Int+3 Slay+4} (You found it on level 6 of the Dungeon)
  4735 | D:6      | Reached skill level 12 in Axes
  5189 | D:7      | Reached ***** piety under Trog
  5225 | D:7      | Reached skill level 5 in Dodging
  5498 | D:8      | Found a sacrificial altar of Ru.
  5530 | D:8      | Reached skill level 13 in Axes
  5641 | D:8      | Noticed a queen bee
  5653 | D:8      | Killed a queen bee
  5655 | D:8      | Reached XP level 10. HP: 93/93 MP: 9/9
  5737 | D:8      | Received a gift from Trog
  5763 | D:8      | Noticed a two-headed ogre
  6234 | D:8      | Killed a two-headed ogre
  6234 | D:8      | Reached skill level 14 in Axes
  6631 | D:9      | Gained mutation: You have sharp fingernails. [mutagenic meat]
  6632 | D:9      | Gained mutation: You evolve. [mutagenic meat]
  6634 | D:9      | Gained mutation: Your body sometimes deteriorates upon taking damage. [mutagenic meat]
  6635 | D:9      | Gained mutation: Your flesh is heat resistant. (rF+) [mutagenic meat]
  6742 | D:9      | Found Entomathewk's Assorted Antiques.
  6765 | D:9      | Bought a scroll labeled LUPLOL VYOLEBB for 27 gold pieces
  6765 | D:9      | Bought a scroll labeled OZYWOX SOGIRGH for 27 gold pieces
  6765 | D:9      | Bought a blue potion for 24 gold pieces
  6765 | D:9      | Bought a scroll labeled OPNITA NEIH for 27 gold pieces
  6765 | D:9      | Bought a silver ring for 135 gold pieces
  6765 | D:9      | Bought a scroll of identify for 54 gold pieces
  7356 | D:10     | Entered Level 10 of the Dungeon
  7401 | D:10     | Reached skill level 15 in Axes
  7715 | D:10     | Reached XP level 11. HP: 103/103 MP: 11/11
  7726 | D:10     | Found a corrupted altar of Lugonu.
  7782 | D:10     | Found a staircase to the Orcish Mines.
  7848 | D:10     | Received a gift from Trog
  7892 | D:10     | Found a staircase to the Lair.
  8273 | D:10     | Noticed an eight-headed hydra
  8411 | D:11     | Reached skill level 16 in Axes
  8555 | D:11     | Noticed a two-headed ogre
  8560 | D:11     | Killed a two-headed ogre
  8869 | D:11     | Noticed a two-headed ogre
  8875 | D:11     | Killed a two-headed ogre
  9159 | D:12     | Noticed a two-headed ogre
  9164 | D:12     | Killed a two-headed ogre
  9326 | D:12     | Reached skill level 17 in Axes
  9420 | D:12     | Reached skill level 5 in Evocations
  9420 | D:12     | Reached XP level 12. HP: 102/113 MP: 4/13
  9427 | D:12     | Received a gift from Trog
  9428 | D:12     | Found a frozen archway.
  9829 | D:13     | Noticed a centaur warrior
  9836 | D:13     | Killed a centaur warrior
  9952 | D:13     | Found a shadowy altar of Dithmenos.
 10008 | D:13     | Noticed a centaur warrior
 10018 | D:13     | Killed a centaur warrior
 10077 | D:13     | Found Vyityrgh's Gadget Boutique.
 10220 | D:13     | Reached skill level 18 in Axes
 10482 | D:14     | Noticed a two-headed ogre
 10487 | D:14     | Killed a two-headed ogre
 10516 | D:14     | Reached skill level 10 in Fighting
 10702 | D:14     | Found Viext's Antique Weapon Shop.
 10796 | D:15     | Entered Level 15 of the Dungeon
 10886 | D:15     | Noticed Joseph
 10895 | D:15     | Killed Joseph
 10984 | D:15     | Found a staircase to the Depths.
 11011 | D:15     | Reached skill level 19 in Axes
 11113 | D:10     | Reached XP level 13. HP: 124/124 MP: 4/14
 11133 | Orc:1    | Entered Level 1 of the Orcish Mines
 11166 | Orc:1    | Noticed Erolcha
 11172 | Orc:1    | Killed Erolcha
 11336 | Orc:1    | Noticed marsu's ghost (journeyman MiBe)
 11357 | Orc:1    | Killed marsu's ghost
 11455 | Orc:1    | Gained mutation: You rapidly evolve. [evolution]
 11455 | Orc:1    | Lost mutation: You rapidly evolve. [decline of evolution]
 11542 | Orc:1    | Reached ****** piety under Trog
 11714 | Orc:2    | Entered Level 2 of the Orcish Mines
 11772 | Orc:2    | Received a gift from Trog
 11965 | Orc:2    | Found a staircase to the Elven Halls.
 12023 | Orc:2    | Found Nagyusar's Needful Niceties.
 12465 | Orc:2    | Reached skill level 20 in Axes
 12521 | Orc:2    | Noticed an orc warlord
 12524 | Orc:2    | Found Lacilec's General Store.
 12524 | Orc:2    | Found Doust's Jewellery Shoppe.
 12537 | Orc:2    | Killed an orc warlord
 12663 | Orc:2    | Found Dexeulolai's Antique Armour Shoppe.
 12663 | Orc:2    | Found Katinan's Antique Weapon Emporium.
 12669 | Orc:2    | Bought a scroll of enchant weapon for 135 gold pieces
 12669 | Orc:2    | Bought a scroll of identify for 36 gold pieces
 12674 | Orc:2    | Bought the ring of Fedhas's Envy {Fire rN+ MR+ Stlth+} for 579 gold pieces
 12674 | Orc:2    | Bought an uncursed ring of poison resistance for 260 gold pieces
 12683 | Orc:2    | Bought a pair of embroidered gloves for 202 gold pieces
 12915 | Lair:1   | Entered Level 1 of the Lair of Beasts
 13042 | Lair:1   | Found a dark tunnel.
 13050 | Volcano  | Entered a volcano
 13086 | Volcano  | Received a gift from Trog
 13093 | Volcano  | Reached skill level 10 in Armour
 13226 | Volcano  | Reached XP level 14. HP: 122/137 MP: 16/16
 13842 | Lair:2   | Noticed Fannar
 13853 | Lair:2   | Killed Fannar
 13922 | Lair:2   | Lost mutation: Your body sometimes deteriorates upon taking damage. [potion of mutation]
 13922 | Lair:2   | Lost mutation: You evolve. [potion of mutation]
 13922 | Lair:2   | Lost mutation: You have a pair of large horns on your head. [potion of mutation]
 13922 | Lair:2   | Lost mutation: Your flesh is heat resistant. (rF+) [potion of mutation]
 13922 | Lair:2   | Gained mutation: You are resistant to electric shocks. (rElec) [potion of mutation]
 13922 | Lair:2   | Gained mutation: You are partially covered in iridescent scales. (AC +2) [potion of mutation]
 14772 | Lair:3   | Found a staircase to the Shoals.
 15054 | Lair:3   | Reached skill level 21 in Axes
 15239 | Lair:4   | Noticed Rupert
 15248 | Lair:4   | Killed Rupert
 15323 | Lair:4   | Noticed Urug
 15334 | Lair:4   | Killed Urug
 15334 | Lair:4   | Noticed Nessos
 15343 | Lair:4   | Killed Nessos
 15344 | Lair:4   | Noticed Harold
 15347 | Lair:4   | Killed Harold
 15404 | Lair:4   | Found a blossoming altar of Fedhas.
 15636 | Lair:4   | Found a hole to the Spider Nest.
 15965 | Lair:5   | Received a gift from Trog
 16196 | Lair:5   | Found a staircase to the Slime Pits.
 16197 | Lair:5   | Found a viscous altar of Jiyva.
 16587 | Lair:6   | Entered Level 6 of the Lair of Beasts
 16803 | Lair:6   | Reached XP level 15. HP: 140/148 MP: 18/18
 17235 | Lair:6   | Reached skill level 22 in Axes
 17356 | Lair:6   | Received a gift from Trog
 17877 | Shoals:1 | Entered Level 1 of the Shoals
 18058 | Shoals:1 | Noticed a frost giant
 18075 | Shoals:1 | Killed a frost giant
 19636 | Shoals:3 | Received a gift from Trog
 19724 | Shoals:3 | Identified a scroll of acquirement
 19727 | Shoals:3 | Got a pair of warped gloves
 19738 | Shoals:3 | Identified the +2 pair of gloves of Gallantry {rCorr} (You acquired it on level 3 of the Shoals)
 19787 | Shoals:4 | Entered Level 4 of the Shoals
 19828 | Shoals:4 | Reached XP level 16. HP: 93/160 MP: 6/19
 20017 | Shoals:4 | Reached skill level 1 in Stealth
 20208 | Shoals:4 | Reached skill level 15 in Fighting
 20477 | Shoals:4 | Noticed Ilsuiw
 20524 | Shoals:4 | Killed Ilsuiw
 21509 | Spider:1 | Entered Level 1 of the Spider Nest
 21518 | Spider:1 | Noticed Donald
 21537 | Spider:1 | Killed Donald
 22841 | Spider:2 | Received a gift from Trog
 22980 | Spider:2 | Gained mutation: Scrolls take you a little longer to read. [mutagenic meat]
 22984 | Spider:2 | Lost mutation: You occasionally shout uncontrollably at your foes. [mutagenic meat]
 22985 | Spider:2 | Gained mutation: You are somewhat resistant to further mutation. [mutagenic meat]
 23114 | Spider:2 | Reached skill level 23 in Axes
 23486 | Spider:2 | Got a warped chain mail
 23497 | Spider:2 | Identified the +1 chain mail of Undesirable Species {+Fly Int+4} (You found it on level 2 of the Spider Nest)
 23583 | Spider:3 | Got a transparent chain mail
 23594 | Spider:3 | Identified the cursed +1 chain mail of Mezcal {Str+2} (You found it on level 3 of the Spider Nest)
 23734 | Spider:3 | Reached XP level 17. HP: 177/188 MP: 20/20
 23869 | Spider:3 | Noticed Mara
 23878 | Spider:4 | Entered Level 4 of the Spider Nest
 24022 | Spider:3 | Killed Mara
 24022 | Spider:3 | Received a gift from Trog
 24022 | Spider:3 | Reached skill level 24 in Axes
 24257 | Spider:3 | Reached skill level 25 in Axes
 24465 | Spider:4 | Received a gift from Trog
 24466 | Spider:4 | Noticed Nikola
 24488 | Spider:4 | Killed Nikola
 25165 | Spider:4 | Reached skill level 26 in Axes
 25476 | Spider:4 | Got a gossamer rune of Zot
 25921 | Elf:1    | Entered Level 1 of the Elven Halls
 25941 | Elf:1    | Found Comeruv's Distillery.
 25945 | Elf:1    | Received a gift from Trog
 25959 | Elf:1    | Bought 2 potions of haste for 340 gold pieces
 25959 | Elf:1    | Bought a potion of heal wounds for 85 gold pieces
 25967 | Elf:1    | Found a ruined gateway.
 26005 | Desolati | Entered the Desolation of Salt
 26072 | Desolati | Reached skill level 10 in Dodging
 26078 | Desolati | Identified the Catalogue of Earth and the Snowflakes
 26085 | Desolati | Identified the cursed ring "Utiyveen" {rF+ rC+ Int-4 Stlth+} (You found it in the Desolation of Salt)
 26184 | Desolati | Reached XP level 18. HP: 193/198 MP: 7/21
 26230 | Desolati | Identified the ring "Tyothrunni" {Fire +Fly Str-4 Int-3 SInv} (You found it in the Desolation of Salt)
 26233 | Desolati | Got a glittering turquoise ring
 26235 | Desolati | Identified the ring "Vuak Zon" {*Tele *Corrode rElec rF+ rN+} (You found it in the Desolation of Salt)
 26517 | Desolati | Got a heavily runed pewter amulet
 26519 | Desolati | Identified the amulet "Liovomm" {+Rage rPois Dex+4 SInv} (You found it in the Desolation of Salt)
 26527 | Desolati | Identified the Volume of the Flamy Entourage
 26537 | Desolati | Got a scorched chain mail
 26548 | Desolati | Identified the +6 chain mail of an ossuary {*Contam rC- MR++ Dex+4} (You found it in the Desolation of Salt)
 26553 | Desolati | Lost mutation: You expend magic power (3 MP) to strengthen your wands. [mutagenic glow]
 26714 | Desolati | Received a gift from Trog
 27344 | Elf:1    | Received a gift from Trog
 27362 | Elf:1    | Reached skill level 15 in Dodging
 27827 | Elf:2    | Found a huge runed gate.
 27829 | Elf:2    | Found a huge runed gate.
 27832 | Elf:2    | Found a huge runed gate.
 27940 | Elf:2    | Noticed Saint Roka
 27963 | Elf:2    | Killed Saint Roka
 28209 | Elf:2    | Reached XP level 19. HP: 205/205 MP: 7/22
 28327 | Elf:2    | Received a gift from Trog
 28857 | Elf:2    | Noticed Asterion
 28871 | Elf:2    | Killed Asterion
 29083 | Elf:2    | Noticed Aizul
 29100 | Elf:2    | Killed Aizul
 29271 | Elf:3    | Entered Level 3 of the Elven Halls
 29278 | Elf:3    | Found a flickering gateway to a bazaar.
 29294 | Bazaar   | Entered a bazaar
 29294 | Bazaar   | Found Quiveli's Antique Armour Shop.
 29294 | Bazaar   | Found Zokat's Antique Weapon Shop.
 29340 | Bazaar   | Found Sageg's Distillery.
 29361 | Bazaar   | Bought a smoking chain mail for 266 gold pieces
 29371 | Bazaar   | Identified the +4 chain mail of Xuhazeuv {+Fly Str+4} (You bought it in a shop in a bazaar)
 29395 | Bazaar   | Bought 2 potions of heal wounds for 100 gold pieces
 29395 | Bazaar   | Bought a potion of haste for 100 gold pieces
 29395 | Bazaar   | Bought a potion of curing for 30 gold pieces
 29395 | Bazaar   | Bought a potion of curing for 30 gold pieces
 29395 | Bazaar   | Bought a potion of might for 40 gold pieces
 31025 | Elf:3    | Cast into level 3 of the Abyss (a deep elf sorcerer)
 31156 | Abyss:3  | Received a gift from Trog
 31168 | Abyss:3  | Noticed a bone dragon
 31181 | Abyss:3  | Killed a bone dragon
 31202 | Abyss:3  | Lost intelligence.
 31329 | Abyss:3  | Noticed a bone dragon
 31351 | Abyss:3  | Killed a bone dragon
 31351 | Abyss:3  | Reached skill level 15 in Armour
 31385 | Elf:3    | Escaped the Abyss
 31579 | Elf:3    | Reached XP level 20. HP: 214/214 MP: 7/23
 31776 | Elf:3    | Received a gift from Trog
 32005 | Elf:3    | Got an ancient copper ring
 32007 | Elf:3    | Identified the ring "Orphupreimi" {rF+ Dex+3} (You took it off a deep elf demonologist on level 3 of the Elven Halls)
 32039 | Elf:3    | Got a glittering wooden ring
 32040 | Elf:3    | Identified the ring "Suifrul" {rC- rN+ Int+9 Dex+4} (You found it on level 3 of the Elven Halls)
 32130 | Elf:3    | Got a bound crystal amulet
 32134 | Elf:3    | Identified the amulet of Reserex {+Rage Str+2} (You took it off a deep elf annihilator on level 3 of the Elven Halls)
 32154 | Elf:3    | Identified the Volume of Evil and Augmentations
 32285 | Elf:3    | Identified Eprorchuigg's Almanac of the Mutagenic Entourage
 32569 | D:14     | Found Isileq's General Store.
 32632 | D:14     | Found Toporof's Magic Scroll Boutique.
 32635 | D:14     | Bought a scroll of teleportation for 33 gold pieces
 32635 | D:14     | Bought a scroll of silence for 82 gold pieces
 32731 | D:14     | Found Enguelar's General Store.
 32734 | D:14     | Bought a scroll of teleportation for 42 gold pieces
 32809 | D:14     | Found a gate to the Vaults.
 32846 | Vaults:1 | Entered Level 1 of the Vaults
 32987 | Vaults:1 | Received a gift from Trog
 33361 | Vaults:1 | Found Con Esem's Armour Shop.
 33580 | Vaults:1 | Found a portal to a secret trove of treasure.
 33743 | Vaults:1 | Received a gift from Trog
 34360 | Elf:2    | Identified Sif Muna's Grimoire of the Volcanoes
 34496 | D:14     | Cast into level 2 of the Abyss (a wizard)
 34527 | D:14     | Escaped the Abyss
 34955 | Vaults:2 | Found a flickering gateway to a bazaar.
 34965 | Bazaar   | Entered a bazaar
 34965 | Bazaar   | Found Feewnuji's Food Shop.
 34968 | Bazaar   | Found Alyi's Gadget Shop.
 34979 | Bazaar   | Found Ufeadif's Gadget Emporium.
 35007 | Bazaar   | Found Uvele's Assorted Antiques.
 35015 | Bazaar   | Found Kad Qeum's Assorted Antiques.
 35031 | Bazaar   | Bought 2 potions of heal wounds for 160 gold pieces
 35031 | Bazaar   | Bought a scroll of teleportation for 48 gold pieces
 35048 | Bazaar   | Bought a box of beasts for 300 gold pieces
 35053 | Bazaar   | Bought a sack of spiders for 140 gold pieces
 35053 | Bazaar   | Bought a phantom mirror for 210 gold pieces
 35207 | Vaults:2 | Reached XP level 21. HP: 222/222 MP: 8/24
 35261 | Vaults:2 | Received a gift from Trog
 35267 | Vaults:2 | Got a pitted battleaxe {god gift}
 35268 | Vaults:2 | Identified the +4 battleaxe of Yfovoj {drain, +Inv Stlth+} (Trog gifted it to you on level 2 of the Vaults)
 35455 | Vaults:2 | Noticed Bai Suzhen
 35481 | Vaults:2 | Killed Bai Suzhen
 36074 | Vaults:2 | Found a staircase to the Crypt.
 36394 | Vaults:3 | Received a gift from Trog
 36733 | Vaults:3 | Received a gift from Trog
 36874 | Vaults:3 | Identified the ring "Zakugeca" {rElec rF+ Slay+3 Stlth+} (You found it on level 3 of the Vaults)
 37729 | Vaults:4 | Received a gift from Trog
 37789 | Vaults:4 | Gained mutation: You have sharp toenails. [mutagenic meat]
 37793 | Vaults:4 | Gained mutation: You are covered in fur. (AC +1) [mutagenic meat]
 37805 | Vaults:4 | Reached XP level 22. HP: 192/232 MP: 8/25
 38076 | Vaults:4 | Found a basalt altar of Yredelemnul.
 38200 | Vaults:4 | Received a gift from Trog
 38253 | Vaults:4 | Gained mutation: Your magical capacity is very low. (-20% MP) [mutagenic meat]
 38450 | Vaults:4 | Lost mutation: You are resistant to electric shocks. (rElec) [mutagenic meat]
 38451 | Vaults:4 | Gained mutation: You are partially covered in slimy green scales. (AC +2) [mutagenic meat]
 38452 | Vaults:4 | Gained mutation: Your system is resistant to poisons. (rPois) [mutagenic meat]
 39057 | D:15     | Noticed Josephine
 39066 | D:15     | Killed Josephine
 39461 | D:15     | Received a gift from Trog
 39623 | D:15     | Found Cenusiu's Antique Armour Shop.
 39631 | D:15     | Bought a scale mail for 152 gold pieces
 39631 | D:15     | Bought a polished chain mail for 361 gold pieces
 39642 | D:15     | Identified the +1 chain mail of the Fifty Friends {rC+ Str+7} (You bought it in a shop on level 15 of the Dungeon)
 40377 | Shoals:4 | Got a slimy steel ring
 40610 | Shoals:4 | Got a barnacled rune of Zot
 40761 | Shoals:4 | Identified the Incunabulum of the Feathery Rocks
 41130 | Slime:1  | Entered Level 1 of the Pits of Slime
 41155 | Slime:2  | Received a gift from Trog
 41744 | Slime:4  | Reached XP level 23. HP: 230/238 MP: 7/23
 41749 | Slime:5  | Entered Level 5 of the Pits of Slime
 41895 | Slime:5  | Noticed the Royal Jelly
 41955 | Slime:3  | Received a gift from Trog
 42366 | Slime:5  | Found a viscous altar of Jiyva.
 42466 | Slime:5  | Killed the Royal Jelly
 42504 | Slime:5  | Identified the ring "Caikhugg" {Ice MR+} (You took it off a merfolk on level 4 of the Shoals)
 42514 | Slime:5  | Got an iridescent battleaxe
 42515 | Slime:5  | Identified the +3 battleaxe of Mihomm {venom, *Noise MR++ Str+3 Int+2} (You found it on level 5 of the Pits of Slime)
 42559 | Slime:5  | Got a faintly humming chain mail
 42570 | Slime:5  | Identified the +2 chain mail "Pagour" {Dex+4} (You found it on level 5 of the Pits of Slime)
 42635 | Slime:5  | Got a slimy rune of Zot
 42654 | Slime:5  | Got a bloodstained ring mail
 42665 | Slime:5  | Identified the +0 ring mail of the Worm {rElec rF+ rCorr} (You found it on level 5 of the Pits of Slime)
 42672 | Slime:5  | Got a heavily runed ring mail
 42678 | Slime:5  | Identified the cursed +0 ring mail of the Curious Places {*Corrode rElec Str+5 Dex+9} (You found it on level 5 of the Pits of Slime)
 42979 | D:14     | Cast into level 2 of the Abyss (a wizard)
 43378 | Abyss:2  | Found a corrupted altar of Lugonu.
 43611 | Abyss:3  | Received a gift from Trog
 43761 | Abyss:3  | Found a shattered altar of Ashenzari.
 43778 | Abyss:3  | Found a shadowy altar of Dithmenos.
 43981 | Abyss:4  | Found a corrupted altar of Lugonu.
 44054 | Abyss:4  | Found a glowing golden altar of the Shining One.
 44068 | Abyss:4  | Received a gift from Trog
 44144 | Abyss:4  | Noticed a juggernaut
 44150 | Abyss:4  | Killed a juggernaut
 44154 | Abyss:4  | Got an abyssal rune of Zot
 44185 | Abyss:4  | Reached XP level 24. HP: 213/247 MP: 6/23
 44332 | D:14     | Escaped the Abyss
 44784 | Vaults:5 | Entered Level 5 of the Vaults
 44884 | Vaults:5 | Reached skill level 5 in Stealth
 45004 | Vaults:5 | Received a gift from Trog
 45158 | Vaults:5 | Noticed an ancient lich
 45173 | Vaults:5 | Killed an ancient lich
 45495 | Vaults:5 | Reached skill level 10 in Stealth
 45947 | Vaults:5 | Received a gift from Trog
 46234 | Vaults:5 | Reached XP level 25. HP: 154/256 MP: 7/23
 46308 | Vaults:5 | Received a gift from Trog
 46329 | Vaults:5 | Got a translucent bone ring
 46499 | Vaults:5 | Got a silver rune of Zot
 46654 | Vaults:5 | Identified the Almanac of Supportive Confrontation
 46960 | Vaults:5 | Identified the ring "Woloykiaw" {rElec Dex+3 Stlth-} (You took it off a deep elf annihilator on level 5 of the Vaults)
 47446 | Temple   | Entered the Ecumenical Temple
 47453 | Temple   | Fell from the grace of Trog
 47453 | Temple   | Became a worshipper of the Shining One
 47842 | Trove    | Entered a treasure trove
 47870 | Trove    | Got a polished battleaxe
 47871 | Trove    | Identified the +8 battleaxe "Pihi" {freeze, rElec rC+ MP-9} (You found it in a treasure trove)
 47895 | Trove    | Got a crystal battleaxe
 47896 | Trove    | Identified the +11 battleaxe of Invincibility {chop, rN+ Str-2 Dex+6} (You found it in a treasure trove)
 48022 | Vaults:1 | Learned a level 2 spell: Blink
 48024 | Vaults:1 | Learned a level 1 spell: Summon Butterflies
 48027 | Vaults:1 | Learned a level 2 spell: Song of Slaying
 48030 | Vaults:1 | Learned a level 2 spell: Shroud of Golubria
 48036 | Vaults:1 | Learned a level 5 spell: Aura of Abjuration
 48043 | Vaults:1 | Learned a level 6 spell: Deflect Missiles
 48048 | Vaults:1 | Learned a level 4 spell: Summon Lightning Spire
 48119 | Crypt:1  | Entered Level 1 of the Crypt
 48147 | Crypt:1  | Found a basalt altar of Yredelemnul.
 48198 | Crypt:1  | Reached skill level 1 in Spellcasting
 48199 | Crypt:1  | Reached * piety under the Shining One
 48388 | Crypt:1  | Reached ** piety under the Shining One
 48686 | Crypt:1  | Reached *** piety under the Shining One
 48770 | Crypt:1  | Reached skill level 1 in Translocations
 48772 | Crypt:1  | Reached **** piety under the Shining One
 49315 | Crypt:2  | Reached ***** piety under the Shining One
 49346 | Crypt:2  | Noticed Mennas
 49382 | Crypt:2  | Killed Mennas
 49544 | Crypt:2  | Paralysed by Trog for 7 turns
 49657 | Crypt:3  | Entered Level 3 of the Crypt
 49838 | Crypt:3  | Reached skill level 5 in Spellcasting
 49888 | Crypt:3  | Reached ****** piety under the Shining One
 49907 | Crypt:3  | Identified a +9 executioner's axe of holy wrath (a +9 antimagic executioner's axe blessed by the Shining One)
 49907 | Crypt:3  | Received a gift from the Shining One
 49999 | Crypt:3  | Identified Sif Muna's Guide on Shifting Stones
 50151 | Crypt:3  | Found a staircase to the Tomb.
 50181 | Crypt:3  | Identified Sif Muna's Compendium of the Feathery Snowflakes
 50196 | Crypt:3  | Noticed an ancient lich
 50198 | Crypt:3  | Killed an ancient lich
 50399 | Crypt:3  | Reached skill level 1 in Invocations
 50586 | Crypt:3  | Noticed Sojobo
 50610 | Crypt:3  | Killed Sojobo
 50610 | Crypt:3  | Reached XP level 26. HP: 203/264 MP: 25/25
 50616 | Crypt:3  | Reached skill level 5 in Invocations
 50680 | Crypt:3  | Found an ancient bone altar of Kikubaaqudgha.
 50691 | Crypt:3  | Reached skill level 1 in Summonings
 50725 | Crypt:3  | Noticed an ancient lich
 50730 | Crypt:3  | Killed an ancient lich
 50738 | Crypt:3  | Learned a level 3 spell: Spectral Weapon
 51452 | Lair:3   | Learned a level 2 spell: Swiftness
 51457 | Lair:3   | Learned a level 4 spell: Airstrike
 51562 | Lair:6   | Found a burning altar of Makhleb.
 51582 | Lair:6   | Found a gateway to Hell.
 51740 | Hell     | Entered the Vestibule of Hell
 51740 | Hell     | Noticed Geryon
 51759 | Hell     | Killed Geryon
 51792 | Hell     | Found a gateway to the freezing wastes of Cocytus.
 51867 | Hell     | Found a gateway to the ashen valley of Gehenna.
 51890 | Geh:1    | Entered Level 1 of Gehenna
 51890 | Geh:1    | Found a gateway to Hell.
 51933 | Geh:2    | Found a gateway to Hell.
 51935 | Geh:2    | Found a gateway to Hell.
 51956 | Geh:2    | Found a gateway to Hell.
 52237 | Geh:2    | Found a gateway to Hell.
 52280 | Geh:3    | Found a gateway to Hell.
 52303 | Geh:4    | Found a gateway to Hell.
 52372 | Geh:5    | Found a gateway to Hell.
 52471 | Geh:6    | Found a gateway to Hell.
 52476 | Geh:7    | Entered Level 7 of Gehenna
 52476 | Geh:7    | Found a gateway to Hell.
 52476 | Geh:7    | Found a gateway to Hell.
 52476 | Geh:7    | Found a gateway to Hell.
 52580 | Geh:7    | Noticed the Serpent of Hell
 52596 | Geh:7    | Killed the Serpent of Hell
 52604 | Geh:7    | Killed from afar by a Brimstone Fiend

Skill      XL: |  1  2  3  4  5  6  7  8  9 10 11 12 13 14 15 16 17 18 19 20 21 22 23 24 25 26 |
---------------+-------------------------------------------------------------------------------+-----
Axes           | 4 5 7 8 9 11 13 15 17 19 20 21 22 23 26 | 26.0
Fighting       | 4 5 6 7 8 9 10 12 13 14 20 | 20.5
Armour         | 3 4 5 6 7 8 9 10 11 12 15 18 19 21 23 | 23.8
Dodging        | 3 4 5 6 7 10 15 18 20 22 23 24 | 24.7
Evocations     | 2 4 5 6 7 8 9 |  9.7
Stealth        | 1 12 14 | 14.8
Spellcasting   | 6 9 |  9.2
Translocations | 4 |  4.5
Invocations    | 4 8 |  8.9
Summonings     | 4 |  4.4

Action                   |  1- 3 |  4- 6 |  7- 9 | 10-12 | 13-15 | 16-18 | 19-21 | 22-24 | 25-27 || total
-------------------------+-------+-------+-------+-------+-------+-------+-------+-------+-------++-------
Melee: Hand axe          |    85 |    92 |   108 |       |       |       |       |       |       ||   285
       Headbutt          |    10 |    22 |    68 |    94 |   206 |   252 |   337 |   422 |   252 ||  1663
       War axe           |       |       |   151 |   159 |       |       |       |       |       ||   310
       Battleaxe         |       |       |       |   311 |   281 |   985 |   697 |       |     1 ||  2275
       Broad axe         |       |       |       |       |   551 |     1 |       |     5 |       ||   557
       Executioner's axe |       |       |       |       |       |       |   496 |  1256 |   862 ||  2614
 Cast: Shroud of Golubri |       |       |       |       |       |       |       |       |     1 ||     1
Invok: Berserk           |     2 |     1 |     8 |    14 |     8 |    21 |     8 |     3 |     1 ||    66
       Brothers in Arms  |       |       |       |       |     8 |    11 |     4 |     7 |       ||    30
       Trog's Hand       |       |       |       |       |       |     1 |     1 |     3 |       ||     5
       Divine Shield     |       |       |       |       |       |       |       |       |     2 ||     2
       Brand Weapon With |       |       |       |       |       |       |       |       |     1 ||     1
       Cleansing Flame   |       |       |       |       |       |       |       |       |     1 ||     1
Evoke: Wand              |       |       |       |     1 |     3 |     8 |       |       |       ||    12
       Lamp of fire      |       |       |       |       |     2 |     1 |       |     1 |       ||     4
       Phial of floods   |       |       |       |       |     1 |       |       |       |       ||     1
       Sack of spiders   |       |       |       |       |       |       |     3 |       |       ||     3
  Use: Scroll            |       |     3 |     9 |    10 |    18 |    10 |    10 |     9 |     8 ||    77
       Potion            |       |       |     1 |       |     1 |     3 |     1 |     6 |     3 ||    15
 Stab: Distracted        |       |       |       |       |     1 |     1 |       |     1 |     1 ||     4
       Sleeping          |       |       |       |       |       |       |       |     1 |     1 ||     2
  Eat: Chunk             |     2 |     5 |    16 |    36 |    36 |    40 |    40 |    52 |     5 ||   232
       Royal jelly       |       |       |     1 |       |     1 |     4 |     5 |       |     2 ||    13
       Bread ration      |       |       |     1 |       |       |       |       |     2 |     4 ||     7
       Fruit             |       |       |       |     2 |       |     1 |       |       |       ||     3
       Meat ration       |       |       |       |       |       |     1 |       |       |       ||     1
Armor: Ring mail         |    41 |    31 |    51 |       |       |       |       |       |       ||   123
       Animal skin       |     1 |       |       |       |       |       |       |       |       ||     1
       Scale mail        |       |       |    26 |   176 |   299 |   572 |   329 |    44 |       ||  1446
       Chain mail        |       |       |       |       |       |       |       |   416 |   291 ||   707
Dodge: Dodged            |    68 |    38 |   143 |   260 |   430 |   665 |   840 |  1192 |   790 ||  4426
Block: Other             |       |       |       |       |       |       |       |       |    13 ||    13
